AoeStats
← 犹豫就会败北

Fortress

510351519Analyzed
1v1 RM · 19h ago on Sep 30, 2026· 54m 59s· 2 players
Game mode
Random Map
Map size
Small (3 player)
Population
200
Speed
Normal
Resources
Standard
Victory
Conquest
Starting age
Dark Age
Ending age
Imperial Age
RankedLock teamsTeams togetherTeam positionsShared explorationLock speedFull tech treeHidden civsTurbo modeCheats
Victory
Defeat
🇨🇳 Bohemians · China
1050
+16
🇨🇦 Bohemians · Canada
1056
-16
犹豫就会败北
1:08 Loom
8:44 Feudal Age
9:41 Double-Bit Axe
9:56 Horse Collar
12:55 Castle Age
19:29 Wheelbarrow
18:40 Town Watch
25:36 Imperial Age
23:41 Bow Saw
23:34 Heavy Plow
23:50 Scale Mail Armor
24:03 Forging
24:19 Ballistics
26:45 Chemistry
25:55 Masonry
26:06 Hand Cart
26:58 Conscription
27:46 Two-Man Saw
26:59 Scale Barding Armor
27:58 Elite Hussite Wagon
29:09 Town Patrol
29:43 Architecture
29:10 Murder Holes
29:45 Wagenburg Tactics
31:18 Fletching
33:48 Houfnice
34:51 Light Cavalry
35:32 Husbandry
41:01 Bodkin Arrow
43:40 Bracer
48:24 Chain Barding Armor
48:40 Iron Casting
BananaslugBen
7:42 Feudal Age
11:45 Castle Age
9:40 Double-Bit Axe
9:43 Horse Collar
10:17 Loom
16:46 Bow Saw
16:37 Heavy Plow
17:28 Wheelbarrow
17:03 Town Watch
19:11 Sanctity
19:01 Fervor
19:56 Hand Cart
19:39 Pikeman
26:19 Imperial Age
25:28 Chemistry
24:49 Ballistics
24:45 Devotion
27:05 Redemption
26:44 Houfnice
29:20 Two-Man Saw
30:07 Siege Engineers
31:09 Hussite Reforms
30:59 Elite Hussite Wagon
31:49 Onager
33:19 Man-at-Arms
33:59 Squires
35:09 Wagenburg Tactics
35:48 Pikeman
37:39 Conscription
37:20 Fletching
37:33 Scale Mail Armor
37:43 Forging
39:51 Halberdier
41:29 Chain Mail Armor
41:49 Iron Casting
41:10 Bodkin Arrow
48:41 Masonry
50:03 Town Patrol
50:59 Plate Mail Armor
51:42 Blast Furnace
Connection lost

Rejoining the realm…

Still unreachable

The connection could not be restored.

Session expired

The server has moved on; the page needs a fresh start.